 Dungeon Crawl Stone Soup version 0.26.1-2-gb8aa6d0 (webtiles) character file.

Game seed: 512518532513813940

247 Nithhogg the Cudgeller (level 6, -1/48 HPs)
             Began as a Human Monk on Mar 29, 2021.
             Slain by an adder (5 damage)
             ... on level 2 of the Dungeon.
             The game lasted 00:04:10 (2666 turns).

Nithhogg the Cudgeller (Human Monk)                 Turns: 2666, Time: 00:04:10

Health: -1/48      AC:  3    Str: 14    XL:     6   Next: 34%
Magic:  6/6        EV: 14    Int: 10    God:
Gold:   54         SH:  0    Dex: 15    Spells: 5/5 levels left

rFire    + . .     SeeInvis .   o - +0 morningstar
rCold    . . .     Faith    .   (no shield)
rNeg     . . .     Spirit   .   i - +0 leather armour
rPois    .         Reflect  .   (no helmet)
rElec    .         Harm     .   (no cloak)
rCorr    .         Rampage  .   (no gloves)
Will     .....                  (no boots)
Stlth    ++........             (no amulet)
HPRegen  0.16/turn              c - ring of protection from fire
MPRegen  0.10/turn              (no ring)

@: lethally poisoned (-1 -> -5)
A: no striking features
a: no special abilities


You were on level 2 of the Dungeon.
You visited 1 branch of the dungeon, and saw 2 of its levels.

You collected 54 gold pieces.

Inventory:

Hand Weapons
 a - a +0 mace
 o - a +0 morningstar (weapon)
Armour
 b - a +0 robe
 g - a +0 plate armour
 i - a +0 leather armour (worn)
Jewellery
 c - a ring of protection from fire (left hand)
Scrolls
 d - 2 scrolls of magic mapping {unknown}
 e - 3 scrolls of identify {unknown}
 f - a scroll of remove curse {unknown}
 h - a scroll of amnesia {unknown}
 j - 2 scrolls of fear {unknown}
 k - a scroll of teleportation {unknown}
 l - a scroll of noise {unknown}
 n - a scroll of fog {unknown}
Potions
 m - a potion of heal wounds {unknown}
 p - a potion of curing {unknown}


   Skills:
 + Level 4.1 Fighting
 + Level 4.2 Maces & Flails
 + Level 2.6 Armour
 + Level 4.2 Dodging
 - Level 2.0 Stealth


You had 5 spell levels left.
You didn't know any spells.
Your spell library was empty.

Dungeon Overview and Level Annotations

Branches:
Dungeon (2/15)

Altars:


Message History

Sigmund hits you with a +0 scythe!
* * * LOW HITPOINT WARNING * * *
You thump Sigmund!
You kill Sigmund!
Your Fighting skill increases to level 4!
Your Maces & Flails skill increases to level 4!
Your Armour skill increases to level 2!
Your Dodging skill increases to level 4!
You have reached level 5!
You have reached level 6!
Your experience leads to an increase in your attributes!
Increase (S)trength, (I)ntelligence, or (D)exterity?
You feel stronger.
You barely miss the adder. The adder bites you but does no damage.
The adder completely misses you.
You hit the adder but do no damage. The adder bites you.
* * * LOW HITPOINT WARNING * * *
You are lethally poisoned!
The adder poisons you! The adder bites you.
You die...

..............
#.......#............
###..<....#............
#.............###......
#.............###......
#......................
##......................
#.....).................
#......@................
#.....S##...............
#......####.............
#.......................
#.......................
#..........>†...........
....#...................
....#...................
#...................


You could see an adder.

Vanquished Creatures
  Sigmund (D:2)
  Terence (D:2)
  2 adders (D:2)
  A dart slug (D:2)
  2 leopard geckos
  4 bats
  A giant cockroach (D:2)
  10 goblins
  5 hobgoblins
  3 jackals (D:1)
  A quokka (D:2)
  2 ball pythons (D:1)
  3 frilled lizards
  5 kobolds
  3 rats
44 creatures vanquished.

Notes
Turn   | Place    | Note
-------+----------+-------------------------------------------
     0 | D:1      | Nithhogg the Human Monk began the quest for the Orb.
     0 | D:1      | Reached XP level 1. HP: 18/18 MP: 1/1
   185 | D:1      | Reached XP level 2. HP: 13/24 MP: 2/2
  1112 | D:1      | Reached skill level 1 in Armour
  1112 | D:1      | Reached XP level 3. HP: 15/29 MP: 3/3
  1939 | D:2      | Reached XP level 4. HP: 31/35 MP: 4/4
  2170 | D:2      | Noticed Terence
  2185 | D:2      | Killed Terence
  2654 | D:2      | Noticed Sigmund
  2664 | D:2      | Killed Sigmund
  2665 | D:2      | Reached XP level 5. HP: 6/42 MP: 5/5
  2665 | D:2      | Reached XP level 6. HP: 7/48 MP: 6/6
  2666 | D:2      | Slain by an adder

Illustrated notes

Levels and vault maps discovered:
D:1:      roderic_dead_forest, layout_basic, minmay_misc_feat_encased
D:2:      layout_basic, grunt_ministairs_9, minmay_bisected, uniq_sigmund,
          uniq_terence, uniq_crazy_yiuf_cottage

Skill      XL: |  1  2  3  4 |
---------------+-------------+-----
Armour         | 1 2 |  2.6
Fighting       | 4 |  4.1
Maces & Flails | 4 |  4.2
Dodging        | 4 |  4.2
Stealth        | |  2.0

Action                   |  1- 3 |  4- 6 || total
-------------------------+-------+-------++-------
Melee: Mace              |   105 |    31 ||   136
       Morningstar       |       |    19 ||    19
 Stab: Sleeping          |     9 |     1 ||    10
Armor: Robe              |    13 |       ||    13
       Plate armour      |     7 |       ||     7
       Leather armour    |     8 |    11 ||    19
Dodge: Dodged            |    98 |    36 ||   134
